 Dungeon Crawl Stone Soup version 0.26.1-2-gb8aa6d0cf2 (webtiles) character file.

Game seed: 7220003107211489554

215 Descartes the Stinger (level 5, -1/28 HPs)
             Began as a Deep Elf Wanderer on Feb 26, 2021.
             Was an Initiate of Gozag.
             Slain by a howler monkey (5 damage)
             ... on level 4 of the Dungeon.
             The game lasted 00:06:23 (2843 turns).

Descartes the Stinger (Deep Elf Wanderer)           Turns: 2843, Time: 00:06:24

Health: -1/28      AC:  6    Str: 10    XL:     5   Next: 60%
Magic:  12/14      EV: 10    Int: 16    God:    Gozag
Gold:   95         SH:  0    Dex: 15    Spells: 13/14 levels left

rFire    + . .     SeeInvis .   r - +0 rapier
rCold    . . .     Faith    .   (no shield)
rNeg     . . .     Spirit   .   f - +0 leather armour
rPois    .         Reflect  .   o - +2 helmet
rElec    .         Harm     .   (no cloak)
rCorr    .         Rampage  .   (no gloves)
Will     .....                  (no boots)
Stlth    +.........             (no amulet)
HPRegen  0.09/turn              a - ring of protection from fire
MPRegen  0.14/turn              (no ring)

@: about to teleport
A: no striking features
a: Renounce Religion, Potion Petition, Call Merchant, Bribe Branch


You were on level 4 of the Dungeon.
You worshipped Gozag.
Gozag was noncommittal.
You visited 2 branches of the dungeon, and saw 6 of its levels.

You collected 156 gold pieces.
You paid 61 gold pieces to Gozag.

Inventory:

Hand Weapons
 r - a +0 rapier (weapon)
Missiles
 g - 8 atropa-tipped darts
 h - 14 arrows
 i - 39 poisoned darts
 l - 36 sling bullets
 p - 8 boomerangs
 q - 108 stones
 v - 29 bolts
Armour
 f - a +0 leather armour (worn)
 o - a +2 helmet (worn)
Jewellery
 a - a ring of protection from fire (left hand)
Scrolls
 b - 2 scrolls of teleportation
 e - a scroll of remove curse {unknown}
 j - a scroll of fog {unknown}
 m - 3 scrolls of identify {unknown}
 n - a scroll of noise {unknown}
 w - a scroll of enchant armour {unknown}
 x - a scroll of random uselessness {unknown}
 y - a scroll of fear {unknown}
 A - a scroll of enchant weapon {unknown}
 C - a scroll of blinking {unknown}
Potions
 c - 2 potions of curing
 d - 4 potions of attraction {unknown}
 k - a potion of invisibility {unknown}
 s - a potion of haste {unknown}
 t - a potion of flight {unknown}
 u - a potion of might {unknown}
 z - a potion of lignification {unknown}
 B - a potion of cancellation {unknown}


   Skills:
 - Level 5.0 Spellcasting
 - Level 1.2 Necromancy
 + Level 4.4 Transmutations
 - Level 6.5 Poison Magic
 - Level 2.1 Evocations


You had 13 spell levels left.
You knew the following spells:

 Your Spells              Type           Power        Failure   Level
a - Sting                 Tmut/Pois      84%          2%          1

Your spell library contained the following spells:

 Spells                   Type           Power        Failure   Level
 Poisonous Vapours        Pois/Air       28%          9%          2
 Ignite Poison            Fire/Tmut/Pois 15%          14%         3
 Olgreb's Toxic Radiance  Pois           25%          14%         4
 Mephitic Cloud           Conj/Pois/Air  11%          26%         3


Dungeon Overview and Level Annotations

Branches:
Dungeon (5/15)             Temple (1/1) D:5

Altars:
Dithmenos
Fedhas
Gozag
Hepliaklqana
Kikubaaqudgha
Makhleb
Nemelex Xobeh
Ru
Trog
Uskayaw
Xom
Yredelemnul
The Shining One

Annotations:
D:4 Dowan, Duvessa


Message History

The howler monkey hoots and howls with incredible vigour!
The howler monkey misses you.
There is an open door here.
You closely miss the howler monkey. The howler monkey hits you.
You completely miss the howler monkey. The howler monkey misses you.
You closely miss the howler monkey. The howler monkey hits you!
Duvessa hits you with a +0 short sword! The howler monkey hits you.
Duvessa hits you but does no damage.
You hit the howler monkey.
The howler monkey is lightly wounded.
A bullfrog zombie comes into view.
Dowan casts a spell at Duvessa.
Duvessa seems to speed up.
The howler monkey hoots and howls with incredible vigour!
Duvessa hits you with a +0 short sword.
* * * LOW HITPOINT WARNING * * *
As you read the scroll of teleportation, it crumbles to dust.
You feel strangely unstable. The howler monkey hits you.
You die...
Your body crumbles into a pile of gold.

#.#.........#
###.#.........#
......Z.....>.#
###...$.......#
#..#....#####
#. #....# #
#.e..# #..e.#
#.#@## ###h#
... #####


You could see Duvessa (fast), Dowan, a howler monkey and a bullfrog zombie.

Vanquished Creatures
  2 howler monkeys
  An orc priest (D:3)
  4 adders
  3 worms
  3 leopard geckos
  5 orcs
  9 bats
  3 giant cockroaches
  5 goblins
  7 hobgoblins
  4 kobolds
  A quokka (D:3)
  2 ball pythons
  2 frilled lizards
  8 rats
59 creatures vanquished.

Notes
Turn   | Place    | Note
-------+----------+-------------------------------------------
     0 | D:1      | Descartes the Deep Elf Wanderer began the quest for the
                  | Orb.
     0 | D:1      | Descartes set off with the following items: a +0 dagger, a
                  | scroll of teleportation, a potion of curing, a +0 robe; and
                  | the following spell memorised: Sting; and the following
                  | spells available to memorise: Poisonous Vapours, Olgreb's
                  | Toxic Radiance, Ignite Poison, Mephitic Cloud
     0 | D:1      | Reached XP level 1. HP: 10/10 MP: 5/5
   372 | D:1      | Reached skill level 1 in Transmutations
   492 | D:1      | Reached XP level 2. HP: 14/15 MP: 5/7
  1242 | D:2      | Reached XP level 3. HP: 17/19 MP: 3/9
  1768 | D:3      | Reached XP level 4. HP: 19/24 MP: 7/11
  2085 | D:3      | Found a faded altar of an unknown god.
  2655 | D:3      | You fall into a shaft and drop 2 floors!
  2655 | D:5      | Entered Level 5 of the Dungeon
  2655 | D:5      | Found a staircase to the Ecumenical Temple.
  2660 | Temple   | Entered the Ecumenical Temple
  2727 | Temple   | Became a worshipper of Gozag Ym Sagoz the Greedy
  2757 | D:5      | Reached skill level 5 in Spellcasting
  2757 | D:5      | Reached XP level 5. HP: 28/28 MP: 8/14
  2758 | D:5      | Noticed a centaur
  2829 | D:4      | Noticed Duvessa
  2830 | D:4      | Noticed Dowan
  2843 | D:4      | Slain by a howler monkey

Illustrated notes

Levels and vault maps discovered:
D:1:      mainiacjoe_arrival_reflecting_pool, layout_rooms
D:2:      layout_basic
D:3:      layout_loops_ring, chequers_ecumenical_altar_grove,
          amcnicky_mini_pool_small
D:4:      layout_basic, nicolae_overflow_crystal_walls,
          chequers_temple_overflow_minitemple, fountainhead, elyvilon_altar_4,
          uniq_duvessa
D:5:      layout_rooms, minmay_temple_entry_mini_moons, basic_altar,
          uniq_crazy_yiuf_cottage
Temple:   cyrus_circular_temple

Skill      XL: |  1  2  3  4  5 |
---------------+----------------+-----
Spellcasting   | 2 3 5 |  5.0
Transmutations | 1 2 3 4 |  4.4
Necromancy     | |  1.2
Poison Magic   | |  6.5
Evocations     | |  2.1

Action                   |  1- 3 |  4- 6 || total
-------------------------+-------+-------++-------
Melee: Dagger            |     2 |       ||     2
       Rapier            |     8 |    25 ||    33
 Cast: Sting             |    67 |    43 ||   110
  Use: Scroll            |       |     1 ||     1
Armor: Leather armour    |    22 |    13 ||    35
Dodge: Dodged            |    22 |    28 ||    50
